[Event "Early-Titled-Tuesday-Blitz-March-19-2024"]
[Site "Chess.com"]
[Date "2024.03.19"]
[Round "7"]
[White "Pragmatist237"]
[Black "BallottiLuca"]
[Result "1-0"]
[WhiteElo "2366"]
[BlackElo "2367"]
[TimeControl "180+1"]
[EndTime "9:17:58 PDT"]
[Termination "Pragmatist237 won on time"]

1. c4 Nf6 2. Nc3 g6 3. g3 Bg7 4. Bg2 O-O 5. Nf3 d6 6. O-O e5 7. d3 c6 8. Rb1 Nbd7 9. b4 a5 10.
b5 Nc5 11. Ba3 Nfd7 12. Na4 Nxa4 13. Qxa4 Qc7 14. bxc6 bxc6 15. Ng5 h6 16. Bxc6 hxg5 17. Bxa8 Nb6 18. Qc6 Nxa8 19. Qxc7 Nxc7 20. Bxd6 Na6 21. Bxf8 Bxf8 22. Rb5 Bb4 23. a3 Bc3 24. Rc1 Bd4 25. Rxa5 Kg7 26. e3 Bc5 27. Rb1 Kf6 28. Rbb5 Ba7 29. Rxa6+ Bxa6 30. Ra5 Kf5 31. Rxa6 Bc5 32. a4 Kg4 33. Rc6 Ba3 34. a5 f5 35. a6 f4 36. a7 e4 37. dxe4 Bc5 38. a8=Q Bxe3 39.
fxe3 1-0

[Event "Early-Titled-Tuesday-Blitz-March-19-2024"]
[Site "Chess.com"]
[Date "2024.03.19"]
[Round "7"]
[White "rezamahdavi2008"]
[Black "FMVolodymyrSakun"]
[Result "1-0"]
[WhiteElo "2858"]
[BlackElo "2631"]
[TimeControl "180+1"]
[EndTime "9:17:59 PDT"]
[Termination "rezamahdavi2008 won by resignation"]

1. e4 e5 2. Nf3 Nc6 3. Bc4 Bc5 4. b4 Bxb4 5. c3 Be7 6. d4 Na5 7. Be2 d6 8. Qa4+ c6 9. dxe5 dxe5 10. Nxe5 Nf6 11.
O-O O-O 12. f4 b5 13. Qc2 Bc5+ 14. Kh1 Nd7 15. Nd3 Bb6 16. e5 f5 17. a4 a6 18.
Rd1 Qe7 19. Bf3 Rb8 20. axb5 axb5 21. Rxa5 Bxa5 22. Qa2+ Kh8 23. Qxa5 Qe6 24. Ba3 Re8 25. Bd6 Rb6 26. Nc5 Nxc5 27. Qxb6 Ne4 28. Bxe4 fxe4 29. Qxc6 e3 30. Qe4 Qg4 31. Re1 Bf5 32. Qxe3 h5 33.
Nd2 Ra8 34. Qg3 Ra2 35. Nf3 Qxg3 36. hxg3 1-0

[Event "Early-Titled-Tuesday-Blitz-March-19-2024"]
[Site "Chess.com"]
[Date "2024.03.19"]
[Round "7"]
[White "Arystanner"]
[Black "Boundless_Strike"]
[Result "1-0"]
[WhiteElo "2841"]
[BlackElo "2627"]
[TimeControl "180+1"]
[EndTime "9:18:00 PDT"]
[Termination "Arystanner won by checkmate"]

1. d4 e5 2. dxe5 d6 3. Nf3 Bg4 4. exd6 Bxd6 5. e4 Nc6 6. Bd3 Qe7 7. h3 Bh5 8. Nc3 O-O-O 9. Nd5 Qe8 10. Be3 f5 11. exf5 Nf6 12. Nxf6 gxf6 13. Qe2 Nb4 14. O-O-O Nxa2+ 15. Kb1 Qa4 16. Bc4 Nb4 17. g4 Be8 18. c3 Nc6 19. Nd4 Ne5 20. Be6+ Kb8 21. Bb3 Qd7 22. f4 Nc6 23. Ne6 Rc8 24. Ba4 Qe7 25. Rhe1 h5 26. Qf2 hxg4 27. hxg4 Rg8 28. Bxc6 Bxc6 29. Bxa7+ Ka8 30. g5 fxg5 31. fxg5 Rh8 32. f6 Qf7 33. Bc5 Rh2 34. Qf5 Rg8 35. Bxd6 cxd6 36. Rxd6 Qh5 37. Rxc6 bxc6 38. f7 Rb8 39.
Qa5+ Kb7 40. Qc7+ Ka8 41. Qxb8+ Kxb8 42. f8=Q+ Kb7 43. Nc5+ Kb6 44. Qb8+ Kxc5 45. Qb4+ Kd5 46. Qd4# 1-0

[Event "Early-Titled-Tuesday-Blitz-March-19-2024"]
[Site "Chess.com"]
[Date "2024.03.19"]
[Round "7"]
[White "JosefineHeinemann"]
[Black "maximnovik"]
[Result "1-0"]
[WhiteElo "2476"]
[BlackElo "2595"]
[TimeControl "180+1"]
[EndTime "9:18:01 PDT"]
[Termination "JosefineHeinemann won on time"]

1. e4 c6 2. Nf3 d5 3. d3 Nd7 4. exd5 cxd5 5. d4 g6 6. Bd3 Bg7 7. O-O Ngf6 8. c3 O-O 9. h3 Ne4 10. Nbd2 Ndf6 11. Re1 Bf5 12. Qc2 Nd6 13. Bxf5 Nxf5 14.
Ne5 Rc8 15. Qb3 Qc7 16. Ndf3 Nd6 17. Bf4 e6 18. a4 Nfe4 19. Nd2 Nxd2 20. Bxd2 f6 21. Nd3 Nc4 22. Bf4 e5 23. Bg3 Rfe8 24. Re2 Qf7 25. dxe5 fxe5 26. Rae1 e4 27. Nb4 a5 28.
Nc2 Re6 29. Ne3 Rb6 30. Qa2 Nxe3 31. fxe3 h5 32. Rd1 Rc4 33. Red2 Bh6 34. Rxd5 Bxe3+ 35. Kh1 Rbc6 36. Rd8+ Kh7 37. R8d7 1-0

[Event "Early-Titled-Tuesday-Blitz-March-19-2024"]
[Site "Chess.com"]
[Date "2024.03.19"]
[Round "7"]
[White "Navyblue1"]
[Black "bobo_panda"]
[Result "0-1"]
[WhiteElo "2217"]
[BlackElo "2348"]
[TimeControl "180+1"]
[EndTime "9:18:02 PDT"]
[Termination "bobo_panda won by resignation"]

1. d4 Nf6 2. c4 e6 3. Nf3 Bb4+ 4. Bd2 a5 5. a3 Bxd2+ 6. Qxd2 b6 7. g3 Bb7 8. Bg2 Ne4 9. Qc2 f5 10. Nc3 Nxc3 11.
Qxc3 d6 12. O-O Nd7 13. b4 O-O 14. c5 Bd5 15. Nh4 Nf6 16. bxa5 bxa5 17. Bxd5 Nxd5 18.
Qc4 f4 19. Rab1 Rb8 20. Nf3 fxg3 21. hxg3 Qd7 22. Rxb8 Rxb8 23. e4 Nf6 24. Re1 d5 25.
exd5 exd5 26. Qd3 Ne4 27. Ne5 Qb5 28. Qxb5 Rxb5 29. Re3 a4 30. Kg2 Rb3 31. Rf3 Nd2 32. Rd3 Nc4 33. Kf3 Nxa3 34. Ke3 Nc4+ 35. Ke2 Nxe5 36. Rxb3 axb3 37. dxe5 b2 38. Kd2 b1=Q 0-1

[Event "Early-Titled-Tuesday-Blitz-March-19-2024"]
[Site "Chess.com"]
[Date "2024.03.19"]
[Round "7"]
[White "JaackCamel"]
[Black "stepanosinovsky"]
[Result "1-0"]
[WhiteElo "2215"]
[BlackElo "2333"]
[TimeControl "180+1"]
[EndTime "9:18:02 PDT"]
[Termination "JaackCamel won by checkmate"]

1. d4 Nf6 2. c4 g6 3. Nc3 Bg7 4. e4 O-O 5. Nf3 d6 6. Be2 e5 7. Be3 exd4 8. Nxd4 Re8 9. f3 c6 10. Bf2 d5 11. exd5 cxd5 12. c5 Nc6 13. O-O Nh5 14.
Qd2 Be6 15. a3 Qf6 16. Rad1 Nf4 17. Be3 Bh6 18. Bb5 Rad8 19. Kh1 Bh3 20. Rg1 Bxg2+ 21. Rxg2 Nxg2 22. Bxh6 Nxd4 23. Qxd4 Qxd4 24. Rxd4 Nh4 25. Bxe8 Rxe8 26. Rd1 Nxf3 27. Nxd5 Re6 28. Nf6+ Rxf6 29. Rd8# 1-0

[Event "Early-Titled-Tuesday-Blitz-March-19-2024"]
[Site "Chess.com"]
[Date "2024.03.19"]
[Round "7"]
[White "ImportedItalianMaple"]
[Black "GelmanAlexander"]
[Result "1/2-1/2"]
[WhiteElo "2525"]
[BlackElo "2681"]
[TimeControl "180+1"]
[EndTime "9:18:04 PDT"]
[Termination "Game drawn by agreement"]

1. Nf3 c5 2. e4 e6 3. g3 Nc6 4. Bg2 Nf6 5. Qe2 d6 6. O-O Be7 7. Rd1 O-O 8. d4 cxd4 9. Nxd4 Qc7 10. c4 Ne5 11. b3 a6 12. Bb2 Bd7 13. Nc3 Rfe8 14.
Rac1 Rac8 15. h3 Qb8 16. a4 Qc7 17. Rc2 h6 18. Rcd2 Red8 19. Ba3 Be8 20. Kh2 Qb6 21. f4 Ng6 22. f5 Nf8 23. e5 dxe5 24. Bxe7 Rxd4 25.
Qxe5 Rxd2 26. Rxd2 N6d7 27. Qe4 Qxb3 28. Qxb7 Qxc4 29.
Ne4 Rc7 30. Qa8 Rc8 31. Nd6 Rxa8 32. Nxc4 Rb8 33. Nd6 Ne5 34. Bxf8 Kxf8 35. fxe6 fxe6 36. Re2 Nf7 37. Rxe6 Nxd6 38. Rxd6 Bxa4 39. Rxa6 Bd1 40. Ra8 Rxa8 41. Bxa8 Ke7 42. Kg2 Kf6 43. Bf3 Bxf3+ 44.
Kxf3 Ke5 45. Ke3 1/2-1/2

[Event "Early-Titled-Tuesday-Blitz-March-19-2024"]
[Site "Chess.com"]
[Date "2024.03.19"]
[Round "7"]
[White "DavidGavrilescu18"]
[Black "malakismayil"]
[Result "1-0"]
[WhiteElo "2785"]
[BlackElo "2531"]
[TimeControl "180+1"]
[EndTime "9:18:05 PDT"]
[Termination "DavidGavrilescu18 won on time"]

1. e4 e5 2. Bc4 Nc6 3. Nc3 Nf6 4. d3 Bc5 5. f4 d6 6. Nf3 a6 7. f5 h6 8. Qe2 b5 9. Bb3 Bb7 10.
Be3 Nd4 11. Qd2 Nxb3 12. axb3 Bxe3 13. Qxe3 c5 14. Rg1 Nh7 15. h4 Nf6 16. g4 Qd7 17.
Ne2 h5 18. g5 Ng4 19. Qd2 g6 20. Ng3 d5 21. Qc3 d4 22. Qa5 Ne3 23. Kd2 gxf5 24. Qb6 Qe7 25. Rgf1 Nxf1+ 26. Rxf1 fxe4 27. Nf5 Qd7 28. Nxe5 e3+ 29. Ke2 Qe6 30. Ng7+ Ke7 31. Nxe6 1-0

[Event "Early-Titled-Tuesday-Blitz-March-19-2024"]
[Site "Chess.com"]
[Date "2024.03.19"]
[Round "7"]
[White "Carlos-Godoy"]
[Black "Barbix1"]
[Result "0-1"]
[WhiteElo "2085"]
[BlackElo "2282"]
[TimeControl "180+1"]
[EndTime "9:18:05 PDT"]
[Termination "Barbix1 won by checkmate"]

1. e4 c5 2. Nf3 g6 3. d4 cxd4 4.
Nxd4 Nc6 5. c4 Nf6 6. Nc3 Nxd4 7. Qxd4 d6 8. Bg5 Bg7 9. Qd2 O-O 10. Be2 a5 11. h4 a4 12. h5 Be6 13. hxg6 fxg6 14. Nd5 Bxd5 15. Bxf6 Rxf6 16. Qxd5+ e6 17. Qd2 Qb6 18. O-O Raf8 19. Bf3 Rf4 20. Rad1 Be5 21. Qc2 Rh4 22. g3 Bxg3 23. Kg2 Be5 24. Qxa4 Qd8 25.
Rh1 Qg5+ 26. Kf1 Rxf3 27. Qe8+ Kg7 28. Rg1 Rxf2+ 29. Kxf2 Rh2+ 30. Kf1 Qf4+ 31. Ke1 Qf2# 0-1

[Event "Early-Titled-Tuesday-Blitz-March-19-2024"]
[Site "Chess.com"]
[Date "2024.03.19"]
[Round "7"]
[White "Aswathchess"]
[Black "Slovineanu"]
[Result "1-0"]
[WhiteElo "2630"]
[BlackElo "2494"]
[TimeControl "180+1"]
[EndTime "9:18:06 PDT"]
[Termination "Aswathchess won by checkmate"]

1. e4 e5 2. Nf3 Nc6 3. Bc4 Nf6 4.
d3 Be7 5. O-O O-O 6. a4 d6 7. h3 Na5 8. Ba2 c5 9. Nc3 Nc6 10. Bg5 Ne8 11. Bxe7 Nxe7 12. Nh4 Nc7 13. Qh5 Be6 14. f4 Bxa2 15. Rxa2 exf4 16. Rxf4 Ne6 17.
Rf2 g6 18. Qg4 d5 19. Nf5 dxe4 20. Nxe4 Nxf5 21. Rxf5 Kh8 22. Rf6 c4 23. Ra1 cxd3 24.
cxd3 Qxd3 25. Raf1 Rae8 26. Rxf7 Rxf7 27. Rxf7 Qd4+ 28.
Kh1 Ng7 29. Qf4 Nf5 30. Qc7 Qxe4 31. Rxh7+ Kg8 32. Qf7# 1-0

[Event "Early-Titled-Tuesday-Blitz-March-19-2024"]
[Site "Chess.com"]
[Date "2024.03.19"]
[Round "7"]
[White "Pikku_Myy73"]
[Black "Laico"]
[Result "0-1"]
[WhiteElo "2268"]
[BlackElo "2419"]
[TimeControl "180+1"]
[EndTime "9:18:10 PDT"]
[Termination "Laico won by resignation"]

1. d4 e6 2. c4 f5 3. Nf3 b6 4. g3 Bb7 5. Bg2 Nf6 6. Nc3 Bb4 7. O-O Bxc3 8. bxc3 O-O 9. Qc2 Be4 10. Qb3 Kh8 11. a4 a5 12. Bg5 Qe8 13. Nd2 Bxg2 14. Kxg2 d6 15. Qc2 Nbd7 16. e4 fxe4 17. Rae1 Qg6 18.
Bxf6 Nxf6 19. Re2 d5 20. cxd5 exd5 21. c4 c6 22. Rb1 Rab8 23. Nf1 Nh5 24. Kh1 dxc4 25.
Nd2 Nf6 26. Qxc4 Ng4 27. Nxe4 Nxf2+ 28. Nxf2 Qxb1+ 29. Kg2 Qb4 30. Qxc6 Qxd4 31. h4 Qf6 32. Qb5 Qf3+ 33. Kh2 Rf5 34. Nh3 0-1

[Event "Early-Titled-Tuesday-Blitz-March-19-2024"]
[Site "Chess.com"]
[Date "2024.03.19"]
[Round "7"]
[White "Boxerandchessplayer"]
[Black "Roedor"]
[Result "0-1"]
[WhiteElo "2202"]
[BlackElo "2303"]
[TimeControl "180+1"]
[EndTime "9:18:10 PDT"]
[Termination "Roedor won by resignation"]

1. d4 Nf6 2. c4 g6 3. Nc3 d5 4. e3 Bg7 5. Nf3 O-O 6. Qb3 dxc4 7. Bxc4 Nc6 8. Be2 a5 9. O-O Nb4 10. a3 Be6 11. Qd1 Nbd5 12. Bd3 c6 13. e4 Nxc3 14. bxc3 a4 15. Rb1 Bb3 16. Rxb3 axb3 17. Qxb3 Qc8 18.
a4 Nd7 19. Ba3 Re8 20. Bc4 e6 21. Rb1 Ra7 22. Ng5 Qa8 23. Nxe6 Rxa4 24. Bb4 b5 25. Nc7 bxc4 26. Qxa4 Qxa4 27. Nxe8 Qc2 28. Rf1 Qxe4 29. Nd6 Qd3 30. g4 Bf8 31. Kg2 Nf6 32. h3 Nd5 33.
Bc5 Nf4+ 0-1

[Event "Early-Titled-Tuesday-Blitz-March-19-2024"]
[Site "Chess.com"]
[Date "2024.03.19"]
[Round "7"]
[White "TERMINATOR_PC"]
[Black "Szparu"]
[Result "1-0"]
[WhiteElo "2590"]
[BlackElo "2794"]
[TimeControl "180+1"]
[EndTime "9:18:15 PDT"]
[Termination "TERMINATOR_PC won by resignation"]

1. e4 c5 2. Nf3 a6 3. c4 Nc6 4. d4 cxd4 5. Nxd4 e5 6. Nf5 d5 7.
cxd5 Bxf5 8. exf5 Nd4 9. Nc3 Nf6 10. Bc4 Rc8 11. Bb3 Be7 12. O-O O-O 13. Re1 Qd6 14.
Bg5 Rfd8 15. Bxf6 Qxf6 16. Ne4 Qxf5 17. Qd3 g6 18. Rad1 Kg7 19. Qe3 Bb4 20. Rf1 Re8 21.
Ng3 Qf6 22. Ne4 Qb6 23. h4 h5 24. Ng3 Bc5 25. Qg5 Kh7 26. d6 Nxb3 27. d7 Nd4 28.
dxc8=Q Rxc8 29. Qxe5 Ne6 30. Rd7 Bxf2+ 31. Rxf2 Rc1+ 32.
Nf1 Rxf1+ 33. Kxf1 Qb5+ 34. Qxb5 1-0

[Event "Early-Titled-Tuesday-Blitz-March-19-2024"]
[Site "Chess.com"]
[Date "2024.03.19"]
[Round "7"]
[White "DonkyDonkyDonkey"]
[Black "scarabee43"]
[Result "1-0"]
[WhiteElo "2983"]
[BlackElo "2831"]
[TimeControl "180+1"]
[EndTime "9:18:19 PDT"]
[Termination "DonkyDonkyDonkey won by checkmate"]

1. e4 c5 2. Nf3 e6 3. c3 d5 4.
e5 d4 5. d3 Nc6 6. g3 Nge7 7.
Bg2 Ng6 8. Qe2 Be7 9. h4 h5 10. Na3 dxc3 11. bxc3 Qc7 12. Nc4 b5 13. Nd6+ Bxd6 14.
exd6 Qxd6 15. O-O Bb7 16. d4 cxd4 17. Qxb5 Qd7 18. Rb1 Nd8 19. Qxd7+ Kxd7 20. Nxd4 Bxg2 21. Kxg2 Rc8 22. Rd1 Ke7 23. Ba3+ Kf6 24. Nf3 Nc6 25. Rb7 Rhd8 26. Rxd8 Rxd8 27. Ng5 Nge5 28. f4 Rd2+ 29. Kf1 Nc4 30. Ne4+ Kg6 31. Nxd2 Nxd2+ 32. Kg2 Nc4 33.
Bc5 a6 34. Rc7 N6a5 35. Bb4 f6 36. Rc5 Ne3+ 37. Kf3 Nac4 38. Rc6 e5 39. Rxa6 exf4 40. gxf4 Nf5 41. Rc6 Nxh4+ 42. Ke2 Nb2 43. Ba3 Na4 44. Kd3 Ng2 45. Bc1 h4 46. Ke2 h3 47. Kf3 Ne1+ 48.
Kg3 Nd3 49. Be3 Kf5 50. Kxh3 Nab2 51. Rc7 Nd1 52. Bd2 N1f2+ 53. Kg2 Ne4 54. Be3 g5 55. fxg5 fxg5 56. a4 g4 57. a5 Ne1+ 58. Kf1 Nc2 59. Bg1 Nd2+ 60. Ke2 Nf3 61. Bf2 Na3 62. a6 Ke4 63. a7 Nb5 64. a8=Q+ Kf4 65. Qf8+ Ke4 66. Rc4+ Kd5 67. Rc5+ Ke4 68. Qf5# 1-0

[Event "Early-Titled-Tuesday-Blitz-March-19-2024"]
[Site "Chess.com"]
[Date "2024.03.19"]
[Round "7"]
[White "Leo_C"]
[Black "AwareIdea"]
[Result "1-0"]
[WhiteElo "2649"]
[BlackElo "2511"]
[TimeControl "180+1"]
[EndTime "9:18:19 PDT"]
[Termination "Leo_C won on time"]

1. d4 Nf6 2. Bf4 d5 3. e3 c5 4. Nf3 Nc6 5. Nbd2 cxd4 6. exd4 Bf5 7. Bb5 Qb6 8. c4 a6 9. Bxc6+ bxc6 10. O-O e6 11. c5 Qb7 12. Qb3 Ra7 13. Ne5 Qa8 14.
Qa4 Rc7 15. Ng6 hxg6 16. Bxc7 Kd7 17. Be5 Ng4 18. Bg3 Be7 19. h3 Nf6 20. Nf3 Rc8 21. Ne5+ Ke8 22. f3 Nd7 23. Rfe1 Nxe5 24. Bxe5 f6 25.
Bh2 Kf7 26. Re3 g5 27. Rae1 e5 28. Bxe5 Qb7 29. Bd6 Bd8 30. Re7+ Bxe7 31. Rxe7+ Qxe7 32. Bxe7 Kxe7 33. Qxa6 Rc7 34. b4 Kd7 35. a4 Bc2 36. b5 1-0

[Event "Early-Titled-Tuesday-Blitz-March-19-2024"]
[Site "Chess.com"]
[Date "2024.03.19"]
[Round "7"]
[White "microbear"]
[Black "ahkashefi2800"]
[Result "0-1"]
[WhiteElo "2346"]
[BlackElo "2583"]
[TimeControl "180+1"]
[EndTime "9:18:19 PDT"]
[Termination "ahkashefi2800 won on time"]

1. e4 c6 2. d4 d5 3. f3 dxe4 4. fxe4 e5 5. Nf3 Be6 6. Nxe5 Qh4+ 7. Kd2 Nf6 8. Bd3 Nxe4+ 9. Bxe4 Qxe4 10. Nf3 Nd7 11.
Qe2 Qg6 12. Nc3 Bb4 13. a3 Bxc3+ 14. Kxc3 O-O-O 15. Bg5 Rde8 16. Rhe1 f6 17. Bf4 Nb6 18. Kd2 Bb3 19. cxb3 Rxe2+ 20. Rxe2 Nd5 21. Bg3 Re8 22.
Rae1 Rxe2+ 23. Kxe2 Qc2+ 24. Kf1 Qxb3 25. Re2 Qd3 26.
Kf2 h5 27. h4 Qf5 28. Kg1 b5 29. Kh2 Kb7 30. Re8 g5 31. Nd2 gxh4 32. Bd6 Qd7 33. Rb8+ Ka6 0-1

[Event "Early-Titled-Tuesday-Blitz-March-19-2024"]
[Site "Chess.com"]
[Date "2024.03.19"]
[Round "7"]
[White "ritanovikova"]
[Black "Kazmin_Semyon"]
[Result "0-1"]
[WhiteElo "2232"]
[BlackElo "2546"]
[TimeControl "180+1"]
[EndTime "9:18:20 PDT"]
[Termination "Kazmin_Semyon won by checkmate"]

1. e4 e6 2. d4 d5 3. exd5 exd5 4. Bd3 Nc6 5. Nf3 Bd6 6. h3 Nge7 7. O-O Bf5 8. Nc3 Bxd3 9. Qxd3 Qd7 10. a3 O-O-O 11.
b4 Qf5 12. Qxf5+ Nxf5 13. Rd1 h5 14. Nxd5 Ncxd4 15. Nxd4 Nxd4 16. c4 Be5 17. Rb1 c6 18.
Ne3 Ne2+ 19. Kf1 Nc3 20. Rxd8+ Rxd8 21. Rb3 Ne4 22. Ke2 g6 23. c5 f5 24. Nc4 Nc3+ 25. Kf1 Rd1# 0-1

[Event "Early-Titled-Tuesday-Blitz-March-19-2024"]
[Site "Chess.com"]
[Date "2024.03.19"]
[Round "7"]
[White "Matols"]
[Black "ChainedDowntohell"]
[Result "1-0"]
[WhiteElo "2363"]
[BlackElo "2505"]
[TimeControl "180+1"]
[EndTime "9:18:22 PDT"]
[Termination "Matols won on time"]

1. d4 Nf6 2. c4 e6 3. g3 c5 4. d5 exd5 5. cxd5 d6 6. Nc3 g6 7. Bg2 Bg7 8. Nf3 O-O 9. O-O Re8 10.
h3 Bf5 11. g4 Be4 12. Bf4 h5 13. g5 Nh7 14. h4 a6 15. a4 f6 16. Nxe4 Rxe4 17.
Qd2 fxg5 18. Nxg5 Nxg5 19. Bxg5 Qe8 20. Bxe4 Qxe4 21. f3 Qe5 22. e4 Nd7 23. Rab1 Rf8 24. Qg2 Qd4+ 25. Kh1 Qxa4 26. Be7 Rf7 27. Bxd6 Qd4 28.
Qxg6 Ne5 29. Qxh5 Nd3 30. Bg3 Qe3 31. Qg5 Qe2 32. Qg4 1-0

[Event "Early-Titled-Tuesday-Blitz-March-19-2024"]
[Site "Chess.com"]
[Date "2024.03.19"]
[Round "7"]
[White "Akylbek2021"]
[Black "KetiTsatsalashvili"]
[Result "0-1"]
[WhiteElo "2325"]
[BlackElo "2480"]
[TimeControl "180+1"]
[EndTime "9:18:22 PDT"]
[Termination "KetiTsatsalashvili won by resignation"]

1. d4 Nf6 2. Nf3 e6 3. c4 d5 4. g3 Bb4+ 5. Bd2 Be7 6. Bg2 O-O 7.
Qc2 Ne4 8. O-O c6 9. Rd1 Nd7 10. Bf4 b6 11. Nbd2 f5 12. cxd5 cxd5 13. Qc6 Ba6 14.
Qxe6+ Kh8 15. e3 Bb7 16. Rac1 Rf6 17. Ne5 Nxe5 18. Qxe5 Bd6 19. Qxf6 Nxf6 20. Bxd6 Qxd6 21. Nf3 Nd7 22. Ne5 Nxe5 23. dxe5 Qxe5 24. h4 h6 25. h5 Rd8 26. Rd4 Rd7 27. Rcd1 Kh7 28. a3 a5 29. b4 axb4 30. axb4 Bc6 31. Bf3 Rd6 32. Kg2 Be8 33. Rxd5 Rxd5 34. Rxd5 Qb2 35.
Rd4 Bb5 36. Rf4 Qb1 37. Rd4 Qf1+ 38. Kh2 Qxf2+ 39. Bg2 Bf1 40. Rd2 Qxd2 0-1

[Event "Early-Titled-Tuesday-Blitz-March-19-2024"]
[Site "Chess.com"]
[Date "2024.03.19"]
[Round "7"]
[White "Cambek64"]
[Black "geminithegreat"]
[Result "1-0"]
[WhiteElo "2490"]
[BlackElo "2214"]
[TimeControl "180+1"]
[EndTime "9:18:22 PDT"]
[Termination "Cambek64 won on time"]

1. d4 d5 2. c4 e6 3. cxd5 exd5 4. Nc3 c6 5. Nf3 Nf6 6. Bg5 Be7 7. Qc2 Nbd7 8. e3 h6 9. Bh4 Nh5 10. Bxe7 Qxe7 11.
Be2 Nb6 12. O-O O-O 13. b3 f5 14.
Ne5 Qe8 15. f4 Nf6 16. a4 a5 17. Rfb1 Nbd7 18. b4 Nxe5 19. fxe5 Ne4 20. bxa5 Rxa5 21. g3 Qe6 22. Qb2 c5 23. Nxe4 fxe4 24. Qc3 b6 25. Rf1 Rxf1+ 26. Rxf1 Rxa4 27. dxc5 Ra2 28. Rf2 bxc5 29.
Qxc5 Kh7 30. g4 1-0

[Event "Early-Titled-Tuesday-Blitz-March-19-2024"]
[Site "Chess.com"]
[Date "2024.03.19"]
[Round "7"]
[White "Horokoskii"]
[Black "Chernov_Alexander_A"]
[Result "1-0"]
[WhiteElo "2158"]
[BlackElo "2289"]
[TimeControl "180+1"]
[EndTime "9:18:24 PDT"]
[Termination "Horokoskii won by resignation"]

1. c4 Nf6 2. Nc3 e5 3. e4 Bc5 4. Nf3 d6 5. d3 a6 6. h3 Nc6 7. Bg5 h6 8. Be3 Nd4 9. Bxd4 Bxd4 10. Nxd4 exd4 11. Nd5 c6 12. Nxf6+ Qxf6 13. g3 h5 14. Bg2 h4 15. g4 Qf4 16. Qf3 Qxf3 17. Bxf3 Ke7 18. Kd2 Kf6 19. Bd1 b5 20. Bb3 Be6 21.
f4 bxc4 22. Bxc4 Bxc4 23. dxc4 c5 24. Rhe1 Rhe8 25. Re2 Re7 26. Rf1 Rae8 27. Kd3 g6 28. g5+ Kg7 29. Rg1 f5 30. gxf6+ Kxf6 31. Rg4 Rh8 32. Reg2 Rg7 33. Rg5 Rh5 34. Rxh5 gxh5 35. Rxg7 Kxg7 36. b4 cxb4 37. Kxd4 a5 38. c5 a4 39. c6 b3 40. Kc3 bxa2 41. Kb2 1-0

[Event "Early-Titled-Tuesday-Blitz-March-19-2024"]
[Site "Chess.com"]
[Date "2024.03.19"]
[Round "7"]
[White "Matibar"]
[Black "SARGISMV"]
[Result "0-1"]
[WhiteElo "2768"]
[BlackElo "2514"]
[TimeControl "180+1"]
[EndTime "9:18:25 PDT"]
[Termination "SARGISMV won by resignation"]

1. Nc3 Nf6 2. e4 d5 3. exd5 Nxd5 4. g3 Nxc3 5. bxc3 e5 6. Bg2 Bc5 7. d3 O-O 8. Nf3 Re8 9. O-O Nc6 10. Rb1 Bb6 11. Ng5 h6 12. Ne4 Be6 13. c4 f5 14.
Nc3 e4 15. dxe4 Bxc4 16. exf5 Bxf1 17. Qxf1 Qf6 18. Nd5 Qxf5 19. Be3 Rad8 20. c4 Ne5 21. c5 Nf3+ 22. Bxf3 Qxf3 23. cxb6 Qxd5 24. bxc7 Rd7 25. Bxa7 Rxc7 26. a4 Rc2 27. a5 Qxa5 28. Be3 Qd5 29. Qg2 Qxg2+ 30. Kxg2 Rxe3 0-1

[Event "Early-Titled-Tuesday-Blitz-March-19-2024"]
[Site "Chess.com"]
[Date "2024.03.19"]
[Round "7"]
[White "aljado"]
[Black "Lovetov"]
[Result "0-1"]
[WhiteElo "2126"]
[BlackElo "2543"]
[TimeControl "180+1"]
[EndTime "9:18:25 PDT"]
[Termination "Lovetov won on time"]

1. e4 c5 2. Nf3 Nc6 3. d4 cxd4 4.
Nxd4 Nf6 5. Nc3 e5 6. Ndb5 d6 7. Nd5 Nxd5 8. exd5 Nb8 9. Qf3 Be7 10. c4 O-O 11. Be3 f5 12. b4 a5 13. bxa5 Rxa5 14. Bd2 Ra6 15. Be2 Nd7 16. h4 Nc5 17. h5 e4 18. Qg3 Bf6 19. Bc3 f4 20. Bxf6 Qxf6 21. Qc3 Qg5 22. h6 Rf6 23. hxg7 e3 24. Rh5 exf2+ 25.
Kf1 Qxg7 26. Nc7 Ne4 27. Qb2 Ng3+ 28. Kxf2 Nxh5 29. Bxh5 f3 30. g3 Rh6 31. Qxg7+ Kxg7 32. Nxa6 Rxh5 33. Nc7 Bg4 34. Ne6+ Kf6 0-1

[Event "Early-Titled-Tuesday-Blitz-March-19-2024"]
[Site "Chess.com"]
[Date "2024.03.19"]
[Round "7"]
[White "koncheto"]
[Black "diamonds13"]
[Result "1-0"]
[WhiteElo "2495"]
[BlackElo "2334"]
[TimeControl "180+1"]
[EndTime "9:18:25 PDT"]
[Termination "koncheto won by checkmate"]

1. e4 c5 2. Nf3 Nc6 3. d4 cxd4 4. c3 dxc3 5. Nxc3 Nf6 6. Bc4 e6 7. O-O Bb4 8. Nd5 exd5 9. exd5 Ne7 10. d6 Nf5 11.
Ng5 O-O 12. Nxf7 Rxf7 13. Bxf7+ Kxf7 14. Qb3+ Kf8 15. Qxb4 b5 16. Qxb5 Qb6 17. Qxf5 Bb7 18. Be3 Qc6 19. f3 Re8 20. Bd4 Re6 21. Rfe1 Qa4 22.
Bxf6 Rxf6 23. Qh5 Qd4+ 24. Kh1 Rg6 25. Qxh7 Qxd6 26. Qh8+ Kf7 27. Qe8+ Kf6 28. Rad1 Qb4 29. Qe5+ Kf7 30. Rxd7+ Kg8 31. Rd8+ Kh7 32. Qh5+ Rh6 33. Qf5+ Rg6 34. Ree8 Qe1+ 35. Rxe1 Bc6 36. Re6 Be8 37. Rdxe8 Kh6 38. Rxg6+ Kh7 39. Qh5# 1-0

[Event "Early-Titled-Tuesday-Blitz-March-19-2024"]
[Site "Chess.com"]
[Date "2024.03.19"]
[Round "7"]
[White "VitaliyBernadskiy"]
[Black "VladimirKramnik"]
[Result "1-0"]
[WhiteElo "2885"]
[BlackElo "3020"]
[TimeControl "180+1"]
[EndTime "9:18:27 PDT"]
[Termination "VitaliyBernadskiy won on time"]

1. e4 c5 2. Nc3 e6 3. d4 cxd4 4. Qxd4 Nc6 5. Qe3 Be7 6. Nf3 d5 7. exd5 exd5 8. Bb5 Nf6 9. O-O O-O 10. Rd1 Re8 11. Qf4 a6 12. Ba4 Bc5 13. Bb3 Be6 14. Be3 Bxe3 15. Qxe3 Bg4 16. Qf4 d4 17. Nd5 Bxf3 18.
Qxf3 Re6 19. c3 Rd6 20. Nxf6+ Rxf6 21. Qh5 Qb6 22. Qh4 Rd8 23. Ba4 dxc3 24. bxc3 h6 25.
Bb3 Ne5 26. Rxd8+ Qxd8 27. Rd1 Qe7 28. Qe4 Rc6 29. Re1 Rxc3 30. h3 Rc5 31. f4 Nf3+ 32.
gxf3 Qh4 33. Bxf7+ 1-0

[Event "Early-Titled-Tuesday-Blitz-March-19-2024"]
[Site "Chess.com"]
[Date "2024.03.19"]
[Round "7"]
[White "zurzan"]
[Black "BestestBP"]
[Result "1-0"]
[WhiteElo "2041"]
[BlackElo "2224"]
[TimeControl "180+1"]
[EndTime "9:18:28 PDT"]
[Termination "zurzan won on time"]

1. c4 Nf6 2. g3 g6 3. Bg2 Bg7 4.
Nc3 O-O 5. Nf3 d6 6. O-O Nbd7 7. d3 e5 8. e4 c6 9. h3 Re8 10. Be3 Qc7 11. Re1 Nf8 12. Rc1 Ne6 13. d4 exd4 14. Nxd4 Nc5 15. f3 b6 16. b4 Ne6 17. Nb3 Nh5 18.
Bf2 Ng5 19. Kh2 a5 20. bxa5 bxa5 21. f4 Ne6 22. c5 dxc5 23. Nxc5 Nexf4 24. gxf4 Qxf4+ 25. Kg1 Qg5 26. Qf3 Nf4 27. Qg3 Qe5 28. Nd3 Nxd3 29.
Qxd3 Ba6 30. Qg3 Qe6 31. Qg4 Qe5 32. Ne2 Rad8 33. Ng3 Bc8 34. Qf3 Bh6 35. Rcd1 1-0

[Event "Early-Titled-Tuesday-Blitz-March-19-2024"]
[Site "Chess.com"]
[Date "2024.03.19"]
[Round "7"]
[White "andrzej"]
[Black "PepeCuenca"]
[Result "0-1"]
[WhiteElo "2516"]
[BlackElo "2732"]
[TimeControl "180+1"]
[EndTime "9:18:29 PDT"]
[Termination "PepeCuenca won by checkmate"]

1. e4 c5 2. Nf3 Nc6 3. d4 cxd4 4. Nxd4 e5 5. Nb5 d6 6. N1c3 a6 7. Na3 Be7 8. Nc4 b5 9. Ne3 Nf6 10. Bd3 O-O 11. O-O Be6 12. Re1 Nd4 13. Ncd5 Bxd5 14. exd5 b4 15. a3 bxa3 16. Rxa3 Nb5 17. Ra4 g6 18. c3 Nd7 19. Ra1 f5 20. Nc2 Nc5 21. Bxb5 axb5 22. Rxa8 Qxa8 23. Nb4 Bf6 24.
Qe2 Qb7 25. Bh6 Ra8 26. f4 e4 27. g4 Qd7 28. Kh1 fxg4 29. Rg1 Qf5 30. Qxb5 e3 31. h3 Qh5 32. Rg2 Qxh3+ 33. Rh2 Ra1+ 34. Qf1 Rxf1# 0-1